Cogmind - Beta 9.4 @@@ ROGUE MODE // 2020.01.21 @ 05:08:24 // Winter2019/RPGLIKE Player: Buwaro Result: Self-destructed Performance ------------- Evolutions (1) 500 Regions Visited (2) 400 Robots Destroyed (21) 105 Value Destroyed (413) 413 Prototype IDs (4) 80 Alien Tech Used (0) 0 Bonus (12) 12 TOTAL SCORE: 1510 Bonus ------- High Alert Combat Kills 12 Cogmind --------- Core Integrity 164/600 Matter 290/300 Energy 110/320 System Corruption 0% Temperature Cool (406) Movement Flying (114) Ox1 Location -9/Materials Parts ------- > --- POWER (2) -------- Light Nuclear Core Light Nuclear Core > --- PROPULSION (4) --- VTOL Module VTOL Module VTOL Module VTOL Module > --- UTILITY (2) ------ Small Battery Shield Generator > --- WEAPON (3) ------- Medium Laser Small Laser Small Laser > --- INVENTORY (2) ---- Sensor Array Advanced Targeting Computer Peak State ------------ > --- POWER ------------ Light Nuclear Core Light Nuclear Core > --- PROPULSION ------- VTOL Module VTOL Module VTOL Module VTOL Module > --- UTILITY ---------- Sensor Array Shield Generator > --- WEAPON ----------- Medium Laser Small Laser Small Laser > --- INVENTORY -------- Small Battery [Rating: 20] Favorites ----------- Power Light Ion Engine Engine Light Ion Engine Power Core Light Nuclear Core Propulsion VTOL Module Treads Light Treads Wheel Compact Wheel Hover Unit Hover Unit Flight Unit VTOL Module Utility Small Battery Device Shield Generator Storage Small Battery Processor Targeting Computer Weapon Light Assault Rifle Energy Gun Small Laser Ballistic Gun Light Assault Rifle Build | -11 -10 -9 ------- Run | Scr Mat Mat Slots Evolved 7 | 4 2 1 Power 1 | . 1 . Propulsion 3 | 1 1 1 Utility 1 | 1 . . Weapon 2 | 2 . . Parts Attached 36 | 8 24 4 Power 6 | 1 3 2 Engine 4 | 1 3 . Core 2 | . . 2 Reactor . | . . . Propulsion 10 | 4 5 1 Treads 2 | 2 . . Leg . | . . . Wheel 2 | 2 . . Hover 2 | . 2 . Flight 4 | . 3 1 Utility 12 | . 11 1 Device 6 | . 6 . Storage 5 | . 4 1 Processor 1 | . 1 . Hackware . | . . . Protection . | . . . Artifact . | . . . Weapon 8 | 3 5 . Energy Gun 4 | . 4 . Energy Cannon . | . . . Ballistic Gun 4 | 3 1 . Ballistic Cannon . | . . . Launcher . | . . . Special Weapon . | . . . Impact Weapon . | . . . Slashing Weapon . | . . . Piercing Weapon . | . . . Special Melee Weapon . | . . . Unidentified Prototypes . | . . . Parts Lost . | . . . Power . | . . . Propulsion . | . . . Utility . | . . . Weapon . | . . . Highest Loss Streak . | . . . Average Slot Usage (%) 95 | . 94 99 Engine 14 | . 17 . Core 2 | . . 17 Treads 1 | . 1 . Wheel 1 | . 1 . Hover 9 | . 11 . Flight 14 | . 10 36 Device 6 | . 5 16 Storage 13 | . 15 1 Energy Gun 12 | . 10 27 Ballistic Gun 18 | . 21 . Naked Turns . | . . . Heaviest Build 17 | 6 14 17 Greatest Support 32 | 32 20 20 Greatest Overweight (x) 2 | 1 2 . Average Overweight (x) . | . . . Largest Inventory Capacity 2 | . 2 2 Average Capacity . | . . 2 Most Carried 2 | . 2 2 Average Carried . | . . 1 Final Capacity 2 | . 2 2 Final Carried 2 | . 2 2 Class Distribution -------------------- 66% | Gunner 18% | Mutant 15% | Sprinter Dominant Class ---------------- Gunner | -10/Materials Sprinter | -9/Materials Resources | -11 -10 -9 ----------- Run | Scr Mat Mat Matter Collected 677 | 258 381 38 Remotely . | . . . Salvage Created 535 | . 535 . Parts 37 | . 37 . Haulers Intercepted . | . . . Recyclers Shooed . | . . . Parts Field Recycled . | . . . Retrieved Matter . | . . . Parts Self-Destructed . | . . . Prevented . | . . . Kills | -11 -10 -9 ------- Run | Scr Mat Mat Combat Hostiles Destroyed 17 | . 17 . Guns 17 | . 17 . Classes Destroyed 5 | . 5 . Worker 1 | . 1 . Builder 1 | . 1 . Operator 2 | . 2 . Swarmer 9 | . 9 . Grunt 8 | . 8 . Best Kill Streak 7 | . 7 . Combat Bots Only 4 | . 4 . Max Kills in Single Turn 2 | . 2 . Gunslinging 1 | . 1 . Exploded . | . . . Melee . | . . . Uniques/NPCs Destroyed . | . . . Combat | -11 -10 -9 -------- Run | Scr Mat Mat Damage Taken 1051 | . 857 194 Core 826 | . 678 148 Absorbed by Shields 76 | . 21 55 Redirected to Core 703 | . 565 138 Core Remaining (%) 76 | 100 52 . Volleys Fired 60 | 1 57 2 Largest 3 | 3 3 3 Hottest 130 | 60 110 130 Shots Fired 149 | 3 140 6 Gun 149 | 3 140 6 Cannon . | . . . Launcher . | . . . Special . | . . . Kinetic 105 | 3 102 . Thermal 44 | . 38 6 Explosive . | . . . Electromagnetic . | . . . Robot Hit Streak 11 | . 11 2 Robot Miss Streak 6 | . 6 2 Penetration Max . | . . . Secondary Targets 7 | . 7 . Max Gunslinging Chain 1 | . 1 . Shots Hit Robots 82 | . 79 3 Core Hits 36 | . 35 1 Critical Hits 1 | . 1 . Critical Kills . | . . . Critical Parts Destroyed 1 | . 1 . Melee Attacks . | . . . Impact . | . . . Slashing . | . . . Piercing . | . . . Sneak Attacks . | . . . Combat Hostiles . | . . . Follow-up Attacks . | . . . Damage Inflicted 798 | . 764 34 Guns 798 | . 764 34 Cannons . | . . . Explosions . | . . . Melee . | . . . Ramming . | . . . Kinetic 516 | . 516 . Thermal 282 | . 248 34 Explosive . | . . . Electromagnetic . | . . . Impact . | . . . Slashing . | . . . Piercing . | . . . Highest Corruption . | . . . Average Corruption . | . . . Corruption Purged . | . . . Overload Shots . | . . . Overflow Damage . | . . . Projectiles . | . . . Explosions . | . . . Melee . | . . . Knockbacks . | . . . Impact . | . . . Kinetic . | . . . Secondary . | . . . Self-Inflicted Damage . | . . . Shots . | . . . Rammed . | . . . Targets Rammed . | . . . Kicked . | . . . Crushed . | . . . Highest Temperature 417 | 20 357 417 Average Temperature 166 | 15 137 238 Received Heat Transfer 387 | . 301 86 Effects 15 | . 7 8 Shutdowns 5 | . 1 4 Interference 9 | . 6 3 Short Circuit 1 | . . 1 Siege Activations . | . . . Robots Corrupted . | . . . Combat Hostiles . | . . . Parts Fried . | . . . Impact Corruptions . | . . . Robots Melted . | . . . Combat Hostiles . | . . . Parts Melted 1 | . 1 . Heat Transferred 697 | . 598 99 Parts Sabotaged . | . . . Parts Stolen . | . . . Parts Stripped . | . . . Power Chain Reactions . | . . . Missiles Intercepted . | . . . Alert | -11 -10 -9 ------- Run | Scr Mat Mat Peak Influence 432 | . 432 223 Average Influence 224 | . 247 194 Maximum Alert Level 2 | . 2 1 Low Security (%) 36 | 100 24 74 Level 1 57 | . 67 25 Level 2 6 | . 7 . Level 3 . | . . . Level 4 . | . . . Level 5 . | . . . High Security . | . . . Max Security . | . . . Squads Dispatched 3 | . 3 . Investigation 1 | . 1 . Extermination . | . . . Reinforcement 2 | . 2 . Assault . | . . . Garrison . | . . . Intercept . | . . . Construction Impeded . | . . . Haulers Reinforced . | . . . Stealth | -11 -10 -9 --------- Run | Scr Mat Mat Distress Signals 1 | . 1 . Communications Jammed . | . . . Distress Signals . | . . . Times Spotted 45 | . 32 13 Peak Tracking Total 14 | . 6 14 Tactical Retreats 3 | . 1 2 Traps | -11 -10 -9 ------- Run | Scr Mat Mat Traps Triggered . | . . . Indirectly . | . . . Trap Hack Attempts . | . . . Triggered . | . . . Disarmed . | . . . Reprogrammed . | . . . Reused . | . . . Traps Extracted . | . . . Installed . | . . . Triggered . | . . . Machines | -11 -10 -9 ---------- Run | Scr Mat Mat Machines Disabled . | . . . Max in Single Turn . | . . . Machines Sabotaged . | . . . Garrisons Compromised . | . . . Overloaded Fab Kills . | . . . Fab Network Shutdowns . | . . . Hacking | -11 -10 -9 --------- Run | Scr Mat Mat Machines Accessed 7 | . 6 1 Terminals 5 | . 4 1 Fabricators . | . . . Repair Stations 1 | . 1 . Recycling Units 1 | . 1 . Scanalyzers . | . . . Garrison Access . | . . . Total Hacks 14 | . 13 1 Successful 9 | . 8 1 Failed 5 | . 5 . Catastrophic . | . . . Database Lockouts . | . . . Manual . | . . . Terminals 8 | . 7 1 Fabricators . | . . . Repair Stations 5 | . 5 . Recycling Units 1 | . 1 . Scanalyzers . | . . . Garrison Access . | . . . Terminal Hacks 6 | . 5 1 Record 1 | . 1 . Prototype ID Bank 2 | . 2 . Terminal Index 1 | . 1 . Registered Components 1 | . 1 . Zone Layout 1 | . . 1 Fabricator Hacks . | . . . Repair Station Hacks 2 | . 2 . Scan Component 1 | . 1 . Repair 1 | . 1 . Recycling Unit Hacks 1 | . 1 . Report Inventory 1 | . 1 . Scanalyzer . | . . . Garrison Access Hacks . | . . . Unauthorized Hacks . | . . . Terminals . | . . . Fabricators . | . . . Repair Stations . | . . . Recycling Units . | . . . Scanalyzers . | . . . Garrison Access . | . . . Data Cores Recovered 2 | . 2 . Used . | . . . Hacking Detections 4 | . 4 . Full Trace Events 1 | . 1 . Feedback Events . | . . . Feedback Blocked . | . . . Robot Schematics Acquired . | . . . Robots Built . | . . . Matter . | . . . Time . | . . . Total Robot Build Rating . | . . . Part Schematics Acquired . | . . . Parts Built . | . . . Matter . | . . . Time . | . . . Total Part Build Rating . | . . . Parts Repaired 1 | . 1 . Time 26 | . 26 . Parts Recycled . | . . . Recycled Matter . | . . . Retrieved Matter . | . . . Retrieved Components . | . . . Parts Scanalyzed . | . . . Part Schematics Acquired . | . . . Parts Damaged . | . . . Bothacking | -11 -10 -9 ------------ Run | Scr Mat Mat Used RIF Installer . | . . . Robots Hacked . | . . . Non-combat . | . . . Combat . | . . . Robot Hacks Applied . | . . . Relay Couplers Released . | . . . Robots Rewired . | . . . Allies Hacked . | . . . Hacks Repelled . | . . . Allies | -11 -10 -9 -------- Run | Scr Mat Mat Total Allies . | . . . Largest Group . | . . . Highest-Rated Group . | . . . Highest-Rated Ally . | . . . Total Orders . | . . . Ally Attacks . | . . . Total Damage . | . . . Kills . | . . . Allies Corrupted . | . . . Allies Melted . | . . . Intel | -11 -10 -9 ------- Run | Scr Mat Mat Robot Analysis Total . | . . . Derelict Logs Recovered . | . . . Drone Launches . | . . . Drone Recoveries . | . . . Exploration | -11 -10 -9 ------------- Run | Scr Mat Mat Turns Passed 917 | 57 736 124 Spaces Moved 1193 | 49 894 250 Core 18 | 17 1 . Treads 3 | 1 2 . Legs . | . . . Wheels 98 | 31 67 . Hover 342 | . 342 . Flight 732 | . 482 250 Fastest Speed 31 | 50 34 31 Average Speed 46 | 85 48 31 Slowest Speed 200 | 160 200 34 Overloaded Moves . | . . . Propulsion Burnouts . | . . . Robots Hopped 7 | . 6 1 Cave-ins Triggered . | . . . Exploration Rate (%) 40 | 3 96 21 Regions Visited 2 Branch Regions . Pre-discovered Areas . | . . . Known Exits Taken . | . . . Unknown Exits Taken 2 | 1 1 . Scrap Searched . | . . . Spaces Dug . | . . . Terrain Destroyed . | . . . Melee . | . . . Projectile . | . . . AOE . | . . . Actions | -11 -10 -9 --------- Run | Scr Mat Mat Total 1445 | 59 1096 290 Wait 114 | . 83 31 Move 1179 | 48 883 248 Hop 5 | . 4 1 Pick Up 11 | . 9 2 Fast Attach 24 | 8 15 1 Attach 5 | . 3 2 Detach . | . . . Swap 7 | . 6 1 Drop 21 | 2 17 2 Fire 60 | 1 57 2 Melee . | . . . Ram . | . . . Kick . | . . . Crush . | . . . Escape Stasis . | . . . Rewire . | . . . Trap . | . . . Miscellaneous 19 | . 19 . Route ------- -11/Scrapyard -10/Materials (discovered 4 exits: *Mat x3 / [*Min]) -9/Materials (discovered 1 exit: [*Mat]) History --------- Turn | Location | Event 1 | -11/Scrapyard | Upgraded with Weapon slot (x2) 17 | -11/Scrapyard | Upgraded with Propulsion slot (x1) 17 | -11/Scrapyard | Upgraded with Utility slot (x1) 32 | -11/Scrapyard | Discovered new exit (range 16) 58 | -11/Scrapyard | Entered Materials 123 | -10/Materials | Discovered new exit (range 10) 138 | -10/Materials | Upgraded with Power slot (x1) 204 | -10/Materials | Discovered new exit (range 8) 273 | -10/Materials | Core integrity fell below 50% 304 | -10/Materials | Core integrity fell below 20% 375 | -10/Materials | Discovered new exit (range 7) 416 | -10/Materials | Reached level 2 434 | -10/Materials | Upgraded with Propulsion slot (x1) 599 | -10/Materials | Discovered new exit (range 16) 756 | -10/Materials | Repaired Sml. Laser 794 | -10/Materials | Entered another Materials area 796 | -9/Materials | Reached level 3 796 | -9/Materials | Upgraded with Propulsion slot (x1) 887 | -9/Materials | Core integrity fell below 50% 917 | -9/Materials | Discovered new exit (range 10) 918 | -9/Materials | Self-destructed Last Messages --------------- 00825_ Current location identified: Materials >>Layout(Zone) Retrieving Zone 9W layout... Downloaded map data. 00833_ K-01 Serf cleans the Processing Tank. 00864_ K-01 Serf collects debris. 00871_ Power failure, Lgt. Nuclear Core shutdown. 00891_ K-01 Serf collects debris. 00899_ Power failure, Lgt. Nuclear Core shutdown. 00899_ K-01 Serf collects debris. 00900_ K-01 Serf destroyed. 00901_ R-06 Scavenger collects Sml. Matter Pod. 00907_ Power failure, Lgt. Nuclear Core shutdown. 00908_ Overheating: System interference. 00908_ Sml. Laser temporarily disabled. 00908_ Shield Generator temporarily disabled. 00916_ Power failure, Lgt. Nuclear Core shutdown. 00917_ EXIT=FOUND 00918_ Overheating: Short circuit. 00918_ Broken VTOL Module permanently disabled. Map ----- +----------------------------------------------------+ | ?????????????????????????????????????????? | | ?????????????????????????????????????????? | | ?????????????????????????????????????????? | | ?????????????????????????????????????????? | | ?????????????????????????????????????????? | | ?????????????????????????????????????????? | | ?????????????????????????????????????????? | | ?????????????????????????????????????????? | | ?????????????????????????????????????????? | | ?????????????????????????????????????????? | | ?????????????????????????????????????????? | | ?????????????????????????????????????????? | | ?????????????????????????????????????????? | | ?????????????????????????????????????????? | | ?????????????????????????????????????????? | | ?????????????????????????????????????????? | | ?????????????????????????????????????????? | | ?????????????????????????????????????????? | | ?????????????????????????????????????????? | | ?????????????????????????????????????????? | | ?????????????????????????????????????????? | | ?????????????????????????????????????????? | | ?????????????????????????????????????????? | | ???????????????????####+###########??????? | | ???????????????????# #??????? | | ???????????????????# @ < #??????? | | ???????????????????# #??????? | | ???????????????????# #######+####??????? | | ???????????????????# #?????????????????? | | ???????????????????# #?????????????????? | | ???????????????????# #?????????????????? | | ???????????????????# #?????????????????? | | ???????????????????# #?????????????????? | | ??????????????????## ##????????????????? | | ??????????????????# ! ] ############ #???? | | ??????????????????# #???? | | ??????????????????# T #?????????? | | ??????????????????# #?????????? | | ??????????????????# #####+##?????????? | | ??????????????????##### #????????????????? | | ??????????????????????# #???????? ???????? | | ??????????????????????# #???????? ???????? | | ??????????????????????# #???????? ???????? | | ??????????????????????# #???????? ???????? | | ??????????????????????# #???????? ???????? | | ??????????????????????# #???????? ???????? | | ??????????????????????# #???????? ???????? | | ??????????????????????# #???????#/#??????? | | ??????????????????????# #???????# #######? | | ??????????????????????# #????##?# ## ? | +----------------------------------------------------+ Best States ------------- Heat Dissipation 35 Energy Generation 23 Energy Capacity 350 Matter Stores 300 Matter Capacity 300 Sight Range 16 Robot Scan Range 10 Terrain Scan Density 10 Evasion (%) 63 Targeting Accuracy 5 Item Schematics ----------------- None Robot Schematics ------------------ None Fabricated ------------ Nothing Alien Tech Used ----------------- None Achievements -------------- Storm Trooper Challenges ------------ None RPGLIKE | -11 -10 -9 --------- Run | Scr Mat Mat Levels Raised 2 | . 1 1 XP Earned 6591 | 3000 2091 1500 XP Spent 5450 | 2300 2050 1100 Upgrades 9 | 4 4 1 Power Slot 1 | . 1 . Propulsion Slot 3 | 1 1 1 Utility Slot 1 | 1 . . Weapon Slot 2 | 2 . . Inventory Capacity 2 | . 2 . Protomatter Created 130 | . 130 . Integrity Restored 390 | . 390 . Core 390 | . 390 . Protomatter Decayed . | . . . Game ------ Seed StorageSiegeShielding Manual? 0 Play Time 00:27:16 Cumulative 5.8 hours Start 2020.01.21 @ 04:45:24 End 2020.01.21 @ 05:08:24 Sessions 1 Manual Loads 0 Difficulty Rogue Special Mode Winter2019/RPGLIKE Game No. 10 Rogue 6 Adventurer 0 Explorer 4 Win Type - Total 0 Types 0/0/0/0/0/0/0 Lore% 5 Gallery% 10 Achievement% 5 Wizard Run 0 Options --------- ASCII 0 Keyboard 0 Movement Mouse Keybinds 0 Fullscreen 2 Font 18/SmallcapsGlow Map View 76x50 Tactical HUD 1 Map Filters NONE Filters NONE Steam 1 RUN: 387ccbfb-8b40-4153-b6a0-2f70ba43b927